 Dungeon Crawl Stone Soup version 0.31-a0-675-g238779eb0a (webtiles) character file.

Game seed: 11064808709738848396

84 NONONO the Slasher (level 4, 0/40 HPs)
             Began as a Draconian Berserker on Sept 5, 2023.
             Was an Initiate of Ru.
             Slain by an orc
             ... wielding a +0 dagger
              (4 damage)
             ... on level 3 of the Dungeon.
             The game lasted 00:19:01 (1669 turns).

NONONO the Slasher (Draconian Berserker)            Turns: 1669, Time: 00:19:02

Health: 0/40       AC:  6    Str: 21    XL:     4   Next: 24%
Magic:  4/4        EV: 12    Int:  7    God:    Ru [......]
Gold:   110        SH:  0    Dex:  9    Spells: 3/3 levels left

rFire   . . .        e - +2 dagger (flame)
rCold   . . .        (no shield)
rNeg    . . .        (body armour unavailable)
rPois   .            (helmet restricted)
rElec   .            h - +0 cloak
rCorr   .            (no gloves)
SInv    .            (no boots)
Will    .....        (no amulet)
Stlth   +            (no ring)
HPRegen 0.26/turn    (no ring)
MPRegen 0.09/turn

%: no passive effects
@: no status effects
A: AC +5, unfitting armour, cold-blooded, clumsy 1, deterioration 1
a: Renounce Religion


You were on level 3 of the Dungeon.
You worshipped Ru.
Ru was noncommittal.
You visited 1 branch of the dungeon, and saw 3 of its levels.

You collected 110 gold pieces.

Inventory:

Hand Weapons
 a - a +0 falchion
 e - a +2 dagger of flaming (weapon)
 f - the +7 sling of Eternal Night {freeze, Will+ Dex+5}
   (You found it on level 3 of the Dungeon)

   Dex+5:     It affects your dexterity (+5).
   Will+:     It increases your willpower.
Missiles
 g - 5 poisoned darts
Armour
 h - a +0 cloak (worn)
 i - a +0 leather armour
Wands
 d - a wand of flame (26)
Scrolls
 b - a scroll of identify
Potions
 c - a potion of curing


   Skills:
 - Level 4.0 Fighting
 + Level 0.4(2.5) Short Blades
 + Level 4.0(4.1) Long Blades
 + Level 3.2 Dodging
 + Level 0.4 Stealth


You had 3 spell levels left.
You didn't know any spells.
Your spell library contained the following spells:

 Spells                   Type           Power      Damage    Failure   Level
 Sting                    Tmut/Pois      0%         1d3       43%         1
 Poisonous Vapours        Pois/Air       0%         N/A       56%         2
 Tukima's Dance           Hex            0%         N/A       80%         3
 Olgreb's Toxic Radiance  Pois           0%         N/A       99%         4
 Passage of Golubria      Tloc           0%         N/A       99%         4
 Yara's Violent Unravell  Hex/Tmut       0%         3d3       100%        5


Dungeon Overview and Level Annotations

Branches:
Dungeon (3/15)

Altars:
Ru

Shops:
D:1 (

Annotations:
D:1 1 exclusion
D:3 Ijyb


Innate Abilities, Weirdness & Mutations

Your plain brown scales are hard. (AC +5)
You cannot fit into any form of body armour.
You are cold-blooded and may be slowed by cold attacks.
You are clumsy. (Dex -2)
Your body sometimes deteriorates upon taking damage.


Message History

* * * LOW HITPOINT WARNING * * *
You hit Ijyb but do no damage.
Ijyb is moderately wounded.
The orc barely misses you. Ijyb misses you.
You hit Ijyb. You burn Ijyb.
Ijyb is heavily wounded.
The orc hits you but does no damage. Ijyb completely misses you.
You hit Ijyb. You burn Ijyb.
Ijyb is heavily wounded.
The orc hits you with a +0 dagger.
* * * LOW HITPOINT WARNING * * *
Ijyb hits you with a +0 dagger.
* * * LOW HITPOINT WARNING * * *
You hit Ijyb but do no damage.
Ijyb is heavily wounded.
The orc misses you. Ijyb closely misses you.
You hit Ijyb. You burn Ijyb.
Ijyb is severely wounded.
The orc hits you but does no damage.
Ijyb zaps a wand.
Your will is overpowered!
You are confused.
The orc attacks as it pursues you! The orc hits you but does no damage.
Ijyb closely misses you. The orc hits you but does no damage.
Ijyb hits you with a +0 dagger.
* * * LOW HITPOINT WARNING * * *
The orc hits you but does no damage.
You closely miss Ijyb.
Ijyb is severely wounded.
The orc barely misses you.
You closely miss the orc.
Your tail-slap misses the orc.
The orc is heavily wounded.
Ijyb barely misses you.
You miss the orc.
The orc is heavily wounded.
The orc completely misses you. Ijyb closely misses you.
You miss the orc.
The orc is heavily wounded.
The orc barely misses you. Ijyb hits you but does no damage.
You feel less confused. The orc hits you with a +0 dagger.
You die...

#####........## ..
###.#...........###.
###...##..........##..
###......#.....#.....##.
#........##..........##.
..........#.............
...?......##........####
.....#..og.#......### #
#....$.@...##...#### #
#.............###..# #
##........########.#####
#......####............
##...### #...###.#####
#.## #...###.# #.
##...##.# #.####
#.#.##.##### ...#
#.#.##......


You could see Ijyb and an orc.

Vanquished Creatures
  2 adders (D:2)
  3 dart slugs (D:1)
  5 endoplasms
  3 giant cockroaches
  4 goblins
  5 hobgoblins
  3 jackals (D:1)
  10 kobolds
  3 quokkas
  3 ball pythons (D:1)
  7 bats
  3 frilled lizards (D:1)
  3 rats
54 creatures vanquished.

Notes
Turn   | Place    | Note
-------+----------+-------------------------------------------
     0 | D:1      | NONONO the Draconian Berserker began the quest for the Orb.
     0 | D:1      | Reached XP level 1. HP: 19/19 MP: 1/1
   135 | D:1      | Reached XP level 2. HP: 26/26 MP: 2/2
   219 | D:1      | Found Taugeciff's Antique Weapon Shoppe.
   540 | D:1      | Reached ** piety under Trog
   553 | D:1      | Reached XP level 3. HP: 23/31 MP: 3/3
   966 | D:2      | Reached XP level 4. HP: 40/40 MP: 4/4
   970 | D:2      | Found a sacrificial altar of Ru.
  1001 | D:2      | Fell from the grace of Trog
  1001 | D:2      | Became a worshipper of Ru the Awakened
  1262 | D:2      | Gained mutation: Your body sometimes deteriorates upon
                  | taking damage. [potion of mutation]
  1262 | D:2      | Gained mutation: You are clumsy. (Dex -2) [potion of
                  | mutation]
  1484 | D:3      | Identified the +7 sling of Eternal Night {freeze, Will+
                  | Dex+5}
  1629 | D:3      | Noticed Ijyb
  1663 | D:3      | HP: 2/40 [Ijyb/+0 dagger (5)]
  1669 | D:3      | Slain by an orc

Illustrated notes

Levels and vault maps discovered:
D:1:      lemuel_arrival_hallway, layout_loops_ring, serial_shops, shop
D:2:      layout_rooms, basic_altar
D:3:      minmay_skewed_foursquare, layout_loops_cross, uniq_ijyb

Skill      XL: |  1  2  3  4 |
---------------+-------------+-----
Dodging        | 3 |  3.2
Long Blades    | 4 |  4.0
Fighting       | 4 |  4.0
Short Blades   | |  0.4
Stealth        | |  0.4

Action                     |  1- 3 |  4- 6 || total
---------------------------+-------+-------++-------
  Melee: Falchion          |    73 |       ||    73
         Tailslap          |    12 |       ||    12
         Dagger            |    40 |    51 ||    91
         Punch             |       |     1 ||     1
   Fire: Sling             |       |     2 ||     2
 Invoke: Berserk           |     1 |       ||     1
    Use: Potion            |     1 |     3 ||     4
         Scroll            |       |     2 ||     2
   Stab: Sleeping          |     2 |       ||     2
 Armour: Skin              |    71 |    66 ||   137
  Dodge: Dodged            |    79 |    71 ||   150

Table legend: (Time is in decaauts)
 A = Elapsed time spent in this place.
 B = Non-inter-level travel time spent in this place.
 C = Inter-level travel time spent in this place.
 D = Time resting spent in this place.
 E = Time spent auto-exploring this place.
 F = Levels seen in this place.
 G = Mean time per level.
                   A        B        C        D        E       F      G
               +--------+--------+--------+--------+--------+-----+--------+
         Total |   1691 |    540 |   1151 |      0 |     98 |   3 |  563.7 |
       Dungeon |   1691 |    540 |   1151 |      0 |     98 |   3 |  563.7 |
               +--------+--------+--------+--------+--------+-----+--------+

Top non-repeatable levels by time:
     D:1: 776 daAuts
     D:2: 622 daAuts
     D:3: 292 daAuts
